 Dungeon Crawl Stone Soup version 0.19-a0-559-ga3d69d0 (webtiles) character file.

728 Kilingo the Shield-Bearer (level 7, -11/44 HPs)
             Began as a Gargoyle Fighter on June 8, 2016.
             Mangled by an ogre
             ... wielding a +0 giant club
              (23 damage)
             ... on level 4 of the Dungeon.
             The game lasted 00:24:42 (3171 turns).

Kilingo the Shield-Bearer (Gargoyle Fighter)        Turns: 3171, Time: 00:24:42

Health: -11/44     AC: 17    Str: 20    XL:     7   Next: 72%
Magic:  7/7        EV:  9    Int:  9    God:
Gold:   144        SH: 10    Dex: 10    Spells: 0 memorised, 6 levels left

rFire  . . .     SeeInvis .     a - +0 flail
rCold  . . .     Gourm    .     b - +0 scale mail
rNeg   + . .     Faith    .     c - +0 shield
rPois  ∞         Spirit   .     d - +1 hat
rElec  +         Dismiss  .     n - +2 cloak
rCorr  .         Reflect  .     (no gloves)
SustAt .         Harm     .     t - +0 pair of boots
MR     .....                    (no amulet)
Stlth  ..........               (no ring)
                                (no ring)

@: not resistant to hostile enchantments, extremely unstealthy
A: negative energy resistance 1, electricity resistance, unbreathing,
petrification resistance, rot immunity, AC +4
a: no special abilities


You were on level 4 of the Dungeon.
You were not hungry.

You visited 1 branch of the dungeon, and saw 4 of its levels.

You collected 200 gold pieces.
You spent 56 gold pieces at shops.

Inventory:

Hand Weapons
 a - a +0 flail (weapon)
 l - a +1 dagger of electrocution
Missiles
 x - 4 poisoned tomahawks (quivered)
Armour
 b - a +0 scale mail (worn)
 c - a +0 shield (worn)
 d - a +1 hat (worn)
 n - a +2 cloak (worn)
 t - a +0 pair of boots (worn)
Jewellery
 w - an uncursed ring of fire
Scrolls
 h - a scroll of recharging {unknown}
 i - a scroll of random uselessness {unknown}
 m - a scroll of blinking {unknown}
 q - a scroll of magic mapping {unknown}
 r - a scroll of amnesia {unknown}
Potions
 e - a potion of cure mutation {unknown}
 g - a potion of degeneration {unknown}
 k - 2 potions of ambrosia
 p - a potion of haste {unknown}
 u - a potion of might
 v - a potion of brilliance {unknown}
 A - a potion of agility {unknown}
Comestibles
 f - 2 bread rations
 s - a slice of pizza


   Skills:
 + Level 4.5 Fighting
 + Level 1.0 Short Blades
 + Level 3.6 Maces & Flails
 + Level 5.3 Armour
 + Level 2.8 Dodging
 + Level 5.7 Shields


You had 6 spell levels left.
You didn't know any spells.

Dungeon Overview and Level Annotations

Branches:
Dungeon (4/15)
 Temple: D:4-7

Altars:
Gozag
Okawaru
Trog

Shops:
D:4 *


Innate Abilities, Weirdness & Mutations

You are resistant to torment.
Your stone body is resilient. (AC +4)
You are immune to poison.
You resist negative energy. (rN+)
You are resistant to electric shocks. (rElec)
You can survive without breathing.
You are immune to petrification.
You are immune to rotting.


Message History

The ogre is heavily wounded.
The ogre closely misses you.
You sock the ogre!
The ogre is almost dead.
The ogre hits you but does no damage.
All of the chunks of flesh in your inventory have rotted away.
You hit the ogre.
The ogre is almost dead.
The ogre barely misses you.
You hit the ogre.
The ogre is almost dead.
The ogre closely misses you.
You barely miss the ogre.
The ogre is almost dead.
The ogre hits you with a giant club!!
Ouch! That really hurt!
* * * LOW HITPOINT WARNING * * *
You feel better. The ogre hits you with a giant club!!
Ouch! That really hurt!
You die...

...#..........#......##.......##.
...#....(.....+......##.......##.
...##.####...###.....##..........
...#######...###.....##..........
...............#.................
...............#.................
...............#..............##.
......##.......'O..##############
......##......##@..#
......##......##...#
..............#.)..#
..............#....#
..............#....'
..............#....'.
..............#....'..
............ #....#.⌠.
......##...# ####+#


You could see an ogre.

Vanquished Creatures
  3 water moccasins (D:4)
  An ogre (D:4)
  The ghost of tyrsky the Gusty, an amateur DrAE (D:3)
  A centaur skeleton (D:4)
  2 iguanas (D:4)
  4 gnolls (D:4)
  4 adders
  An ooze (D:1)
  A worm (D:2)
  2 dart slugs
  3 giant geckos
  7 orcs
  3 ball pythons
  5 bats
  A bat skeleton (D:4)
  A bat zombie (D:4)
  4 giant cockroaches
  4 goblins
  4 hobgoblins
  4 quokkas
  2 giant newts
  6 kobolds
  4 rats
68 creatures vanquished.

Notes
Turn   | Place    | Note
--------------------------------------------------------------
     0 | D:1      | Kilingo the Gargoyle Fighter began the quest for the Orb.
     0 | D:1      | Reached XP level 1. HP: 14/14 MP: 1/1
   246 | D:1      | Reached XP level 2. HP: 17/19 MP: 2/2
   464 | D:1      | Reached XP level 3. HP: 23/23 MP: 3/3
  1136 | D:2      | Reached XP level 4. HP: 29/29 MP: 4/4
  1549 | D:3      | Noticed tyrsky's ghost (amateur DrAE)
  1580 | D:3      | Killed tyrsky's ghost
  1580 | D:3      | Reached skill level 1 in Dodging
  1580 | D:3      | Reached XP level 5. HP: 17/33 MP: 5/5
  2101 | D:4      | Found Cuptid's Serpentskin Sales.
  2101 | D:4      | Noticed a water moccasin
  2101 | D:4      | Noticed a water moccasin
  2101 | D:4      | Noticed a water moccasin
  2144 | D:4      | Killed a water moccasin
  2144 | D:4      | Reached XP level 6. HP: 31/38 MP: 6/6
  2149 | D:4      | Killed a water moccasin
  2149 | D:4      | Reached skill level 5 in Shields
  2155 | D:4      | Killed a water moccasin
  2155 | D:4      | Reached XP level 7. HP: 31/44 MP: 7/7
  2185 | D:4      | Bought 4 poisoned tomahawks for 56 gold pieces
  2367 | D:4      | Reached skill level 1 in Short Blades
  2367 | D:4      | Reached skill level 5 in Armour
  2767 | D:4      | Found an opulent altar of Gozag.
  2942 | D:4      | Found a bloodstained altar of Trog.
  2942 | D:4      | Found an iron altar of Okawaru.
  3171 | D:4      | Mangled by an ogre

Vault maps used:
D:1:      onia_arrival_pentagram
D:3:      minmay_misc_feat_plants
D:4:      grunt_temple_overflow_bloody_war, kennysheep_vampire_church,
          grunt_gozag_breadcrumbs, first_bread, guppyfry_shop_venom

Skill      XL: |  1  2  3  4  5  6  7 |
---------------+----------------------+-----
Shields        | 4 5 |  5.7
Maces & Flails | 3 |  3.6
Armour         | 4 5 |  5.3
Dodging        | 1 2 |  2.8
Fighting       | 4 |  4.5
Short Blades   | 1 |  1.0

Action                   |  1- 3 |  4- 6 |  7- 9 || total
-------------------------+-------+-------+-------++-------
Melee: Flail             |   113 |   145 |    95 ||   353
       Dagger            |       |    21 |       ||    21
  Use: Potion            |     1 |     3 |     1 ||     5
       Scroll            |       |     1 |     1 ||     2
  Eat: Chunk             |     1 |     3 |     4 ||     8
Armor: Scale mail        |    39 |    99 |    32 ||   170
Dodge: Dodged            |    35 |    40 |    45 ||   120
Block: Shield            |    56 |    78 |    52 ||   186
